 Dungeon Crawl Stone Soup version 0.24-a0-115-gd155597 (console) character file.

Game seed: 16173736702087228501

686 Duffy the Cleaver (level 7, 54/60 HPs)
             Began as a Naga Gladiator on Feb 17, 2019.
             Was an Initiate of Elyvilon.
             Quit the game on level 5 of the Dungeon.
             The game lasted 00:03:41 (2540 turns).

Duffy the Cleaver (Naga Gladiator)                  Turns: 2540, Time: 00:03:42

Health: 54/60      AC:  8    Str: 17    XL:     7   Next: 62%
Magic:  7/7        EV:  8    Int: 10    God:    Elyvilon [......]
Gold:   168        SH:  0    Dex: 12    Spells: 6/6 levels left

rFire    + . .     SeeInvis +   a - +0 war axe
rCold    . . .     Gourm    .   (no shield)
rNeg     . . .     Faith    .   m - +0 scale mail
rPois    +         Spirit   .   c - +0 helmet
rElec    .         Reflect  .   t - +1 cloak
rCorr    .         Harm     .   (no gloves)
MR       .....                  (no barding)
Stlth    ..........             r - amulet of inaccuracy (curse)
HPRegen  0.20/turn              e - ring of protection from fire
MPRegen  0.10/turn              (no ring)

@: very slightly contaminated, very slow
A: large, see invisible, deformed body, poison resistance, slowness 2, slow
metabolism 1, spit poison 1, AC +2
a: Spit Poison, Renounce Religion


You were on level 5 of the Dungeon.
You worshipped Elyvilon.
Elyvilon was noncommittal.
You were not hungry.

You visited 1 branch of the dungeon, and saw 5 of its levels.

You collected 168 gold pieces.

Inventory:

Hand Weapons
 a - a +0 war axe (weapon)
 h - the +5 pair of quick blades "Gyre" and "Gimble" {pierce, Dex-3}
   (You found it on level 4 of the Dungeon)

   It inflicts extra damage upon your enemies.
   It affects your dexterity (-3).
Missiles
 d - 3 throwing nets (quivered)
Armour
 b - a +0 leather armour
 c - a +0 helmet (worn)
 l - a +0 ring mail
 m - a +0 scale mail (worn)
 t - a +1 cloak (worn)
Jewellery
 e - a ring of protection from fire (left hand)
 r - a cursed amulet of inaccuracy (around neck)
Wands
 o - a wand of digging (5)
Scrolls
 i - 2 scrolls of teleportation
 j - 2 scrolls of blinking
 k - a scroll of remove curse
 u - a scroll of magic mapping
Potions
 g - 3 potions of curing
 n - a potion of lignification {unknown}
 p - a potion of invisibility {unknown}
 s - a potion of ambrosia {unknown}
 v - a potion of agility {unknown}
Comestibles
 f - 4 rations


   Skills:
 - Level 2.0 Fighting
 + Level 8.7 Axes
 - Level 1.7 Throwing
 - Level 2.4 Dodging


You had 6 spell levels left.
You didn't know any spells.
Your spell library was empty.

Dungeon Overview and Level Annotations

Branches:
Dungeon (5/15)
 Temple: D:4-7

Altars:
Elyvilon
Qazlal
Ru


Innate Abilities, Weirdness & Mutations

You cannot wear boots.
Your serpentine skin is tough. (AC +2)
You have supernaturally acute eyesight. (SInv)
Armour fits poorly on your strangely shaped body.
Your system is resistant to poisons. (rPois)
You cover ground very slowly.
You have a slow metabolism.
You can spit poison.


Message History

No target in view!
No target in view!
No target in view!
The crimson imp shouts, "Kneel, thou canting tip-merry mule!"
You see here 3 gold pieces.
As you read the scroll labeled FAUXEXTY HOPNEMP, it crumbles to dust.
You feel strangely unstable.
It was a scroll of teleportation.
Blink to where?
Press: ? - help, Dir - move target cursor You are very lightly contaminated with residual magic.
As you read the scroll labeled BEXOPH HUHAN, it crumbles to dust.
It was a scroll of blinking.
As you read the scroll labeled TUSIT NONGE, it crumbles to dust.
You feel aware of your surroundings.
You sensed 1 shop/portal.
It was a scroll of magic mapping.
As you read the scroll labeled KALAERPHOEX, it crumbles to dust.
It is a scroll of identify.
k - a scroll of remove curse Your surroundings suddenly seem different.
Are you sure you want to abandon this character and quit the game? (Confirm with "yes".)

,......_.#.....#
##.............#
.......(.......#
##.....#.##....#
#.....>..##....#
.......#.##....#
........###....####
...........%......#
.#.....###.<.....@#
.#.....###........#
#........##########
#.#....#.#**
....##.....*****
.#.####..#..,,,*
##.# *#.####*,**
##.### *.## *,,*
.....##*,.# **,*


There were no monsters in sight!

Vanquished Creatures
  Grinder (D:3)
  Sigmund (D:2)
  A crimson imp (D:5)
  A quasit (D:4)
  An orc priest (D:4)
  Jessica (D:3)
  An iguana (D:4)
  Terence (D:3)
  An orc wizard (D:3)
  A worker ant (D:4)
  3 adders
  An adder skeleton (D:4)
  2 worms
  A dart slug (D:1)
  2 leopard geckos (D:5)
  13 orcs
  3 bats
  7 giant cockroaches
  3 goblins
  4 hobgoblins (D:1)
  6 jackals
  A quokka (D:3)
  4 frilled lizards
  11 kobolds
  A leopard gecko zombie (D:5)
  5 rats
77 creatures vanquished.

Notes
Turn   | Place    | Note
-------+----------+-------------------------------------------
     0 | D:1      | Duffy the Naga Gladiator began the quest for the Orb.
     0 | D:1      | Reached XP level 1. HP: 19/19 MP: 1/1
   150 | D:1      | Reached XP level 2. HP: 5/26 MP: 2/2
   465 | D:1      | Reached skill level 4 in Axes
   489 | D:1      | Reached XP level 3. HP: 22/32 MP: 3/3
   637 | D:2      | Noticed Sigmund
   729 | D:2      | Killed Sigmund
   729 | D:2      | Reached skill level 6 in Axes
   729 | D:2      | Reached XP level 4. HP: 34/39 MP: 4/4
   729 | D:2      | Reached XP level 5. HP: 39/45 MP: 5/5
   794 | D:2      | Found a sacrificial altar of Ru.
  1028 | D:3      | Noticed Grinder
  1038 | D:3      | Killed Grinder
  1038 | D:3      | Reached skill level 7 in Axes
  1038 | D:3      | Reached XP level 6. HP: 4/52 MP: 6/6
  1491 | D:3      | Noticed Terence
  1496 | D:3      | Killed Terence
  1496 | D:3      | Reached XP level 7. HP: 60/60 MP: 7/7
  1731 | D:3      | Noticed Jessica
  1737 | D:3      | Killed Jessica
  1737 | D:3      | Reached skill level 8 in Axes
  1986 | D:4      | Found the +5 pair of quick blades "Gyre" and "Gimble"
                  | {pierce, Dex-3}
  1995 | D:4      | Found a white marble altar of Elyvilon.
  2019 | D:4      | Became a worshipper of Elyvilon the Healer
  2422 | D:5      | Entered Level 5 of the Dungeon
  2431 | D:5      | Found a stormy altar of Qazlal.
  2438 | D:5      | Found a sacrificial altar of Ru.
  2540 | D:5      | Quit the game

Levels and vault maps discovered:
D:1:      lemuel_arrival_rhombus, layout_rooms
D:2:      layout_basic, overflow_temple_1_default, chequers_serial_rivers_marsh,
          minmay_fractal_squares_gapless_5, uniq_sigmund
D:3:      minmay_inner_zag, layout_basic, uniq_terence, uniq_jessica,
          uniq_grinder
D:4:      layout_loops_ring, grunt_temple_overflow_magic_moments,
          lemuel_crystal_altar, nicolae_overflow_hidden_temple,
          grunt_decor_one_mirror
D:5:      layout_rooms, overflow_temple_1_default, gup_sewer_entry_spiral,
          first_ration, nicolae_ru_awakened_eye, uniq_eustachio

Skill      XL: |  1  2  3  4  5  6  7 |
---------------+----------------------+-----
Axes           | 4 6 7 8 |  8.7
Fighting       | |  2.0
Throwing       | |  1.7
Dodging        | |  2.4

Action                   |  1- 3 |  4- 6 |  7- 9 || total
-------------------------+-------+-------+-------++-------
Melee: War axe           |    57 |    63 |   145 ||   265
 Abil: Spit Poison       |    21 |     3 |       ||    24
  Use: Scroll            |       |       |     4 ||     4
  Eat: Chunk             |       |     2 |     3 ||     5
Armor: Leather armour    |    40 |    22 |       ||    62
       Scale mail        |       |       |    73 ||    73
Dodge: Dodged            |    63 |    41 |    56 ||   160

Table legend:
 A = Non-vault XP
 B = Vault XP
 C = Vault XP percentage of total XP
 D = Non-vault monster count
 E = Vault monster count
 F = Vault count percentage of total count
                 A         B        C        D         E       F
            +---------+---------+-------+---------+---------+-------
      Total |     381 |     600 |  61.2 |      65 |      12 |  15.6
            +---------+---------+-------+---------+---------+-------
        D:1 |      40 |       0 |   0.0 |      23 |       0 |   0.0
        D:2 |      20 |     214 |  91.5 |       9 |       2 |  18.2
        D:3 |      63 |     386 |  86.0 |      14 |      10 |  41.7
        D:4 |     199 |       0 |   0.0 |      14 |       0 |   0.0
        D:5 |      59 |       0 |   0.0 |       5 |       0 |   0.0
            +---------+---------+-------+---------+---------+-------
